3033 views
Uploaded 2020-02-10 19:15:40
Game version 1.32 / 1.32.1
18:59 long 4on4 ladder game on (8)Northshire_LV
Saved by byung
3033 views
Uploaded 2020-02-10 19:15:40
Game version 1.32 / 1.32.1
18:59 long 4on4 ladder game on (8)Northshire_LV

149 units @ 19.5k
/ 2.8k
79 buildings @ 11.4k
/ 4.8k


| Wisp | 21 | 1260 | / | 0 |
| Archer | 5 | 650 | / | 50 |
| Druid of the Claw | 10 | 2550 | / | 800 |
| Dryad | 4 | 580 | / | 240 |
| Hippogryph | 8 | 1280 | / | 160 |
| total: | 48 | 6320g | / | 1250w |
| Altar of Elders | 1 | 180 | / | 50 |
| Moon Well | 8 | 1440 | / | 320 |
| Ancient of War | 1 | 150 | / | 60 |
| Hunter's Hall | 1 | 210 | / | 100 |
| Tree of Life | 1 | 340 | / | 185 |
| Ancient of Lore | 2 | 310 | / | 290 |
| Ancient of Wind | 1 | 150 | / | 140 |
| Tree of Ages | 1 | 320 | / | 180 |
| Tree of Eternity | 1 | 330 | / | 200 |
| total: | 15 | 2780g | / | 1145w |
| 0:04 | Wisp |
| 0:05 | Wisp |
| 0:05 | Wisp |
| 0:05 | Wisp |
| 0:36 | Altar of Elders |
| 0:50 | Moon Well |
| 0:52 | Wisp |
| 0:52 | Wisp |
| 0:52 | Wisp |
| 0:53 | Wisp |
| 1:11 | Wisp |
| 1:16 | Ancient of War |
| 1:46 | Moon Well |
| 2:16 | Archer |
| 2:16 | Archer |
| 2:17 | Archer |
| 2:17 | Archer |
| 2:26 | Hunter's Hall |
| 2:38 | Wisp |
| 2:43 | Moon Well |
| 2:47 | Force of Nature |
| 3:17 | Tree of Ages |
| 3:27 | Archer |
| 3:56 | Moon Well |
| 4:06 | Entangling Roots |
| 5:12 | Strength of the Wild |
| 5:13 | Reinforced Hides |
| 5:23 | Moon Well |
| 6:30 | Ancient of Lore |
| 6:34 | Tree of Life |
| 6:39 | Ancient of Lore |
| 7:07 | Wisp |
| 7:07 | Wisp |
| 7:07 | Wisp |
| 7:07 | Wisp |
| 7:07 | Wisp |
| 7:22 | Force of Nature |
| 7:45 | Improved Reinforced Hides |
| 7:47 | Abolish Magic |
| 7:47 | Druid of the Claw Adept Training |
| 7:52 | Searing Arrows |
| 8:11 | Druid of the Claw |
| 8:13 | Dryad |
| 8:13 | Dryad |
| 8:32 | Druid of the Claw |
| 9:28 | Wisp |
| 9:28 | Wisp |
| 9:28 | Wisp |
| 9:41 | Druid of the Claw |
| 9:44 | Tree of Eternity |
| 10:28 | Druid of the Claw |
| 11:02 | Druid of the Claw |
| 11:03 | Dryad |
| 11:50 | Trueshot Aura |
| 12:05 | Ancient of Wind |
| 12:07 | Wisp |
| 12:07 | Wisp |
| 12:09 | Moon Well |
| 12:14 | Moon Well |
| 12:18 | Advanced Reinforced Hides |
| 12:18 | Improved Strength of the Wild |
| 12:54 | Druid of the Claw Master Training |
| 13:22 | Dryad |
| 13:25 | Hippogryph |
| 13:29 | Wisp |
| 13:56 | Mark of the Claw |
| 13:57 | Druid of the Claw |
| 13:59 | Entangling Roots |
| 14:02 | Searing Arrows |
| 14:04 | Hippogryph |
| 14:05 | Hippogryph |
| 14:05 | Hippogryph |
| 15:27 | Advanced Strength of the Wild |
| 15:30 | Hippogryph |
| 15:30 | Hippogryph |
| 15:30 | Hippogryph |
| 15:30 | Hippogryph |
| 15:33 | Moon Well |
| 16:43 | Force of Nature |
| 16:48 | Trueshot Aura |
| 17:50 | Tranquility |
| 17:58 | Searing Arrows |
| 18:11 | Druid of the Claw |
| 18:11 | Druid of the Claw |
| 18:11 | Druid of the Claw |
| 18:11 | Druid of the Claw |
| Right click | 318 |
| Select | 238 |
| Chat | 165 |
| Build/train/purchase | 89 |
| Use ability | 27 |
| Minimap ping | 2 |
| Remove unit | 1 |


| Rod of Necromancy | 2 | 300 |
| Scroll of Town Portal | 1 | 350 |
| total: | 3 | 650g |
| Acolyte | 7 | 525 | / | 0 |
| Ghoul | 7 | 840 | / | 0 |
| Crypt Fiend | 2 | 430 | / | 80 |
| Necromancer | 3 | 435 | / | 60 |
| Meat Wagon | 1 | 230 | / | 50 |
| Goblin Shredder | 1 | 375 | / | 100 |
| total: | 21 | 2835g | / | 290w |
| Nerubian Tower | 1 | 100 | / | 20 |
| Spirit Tower | 2 | 290 | / | 80 |
| Crypt | 1 | 200 | / | 50 |
| Ziggurat | 9 | 1350 | / | 450 |
| Altar of Darkness | 2 | 360 | / | 100 |
| Graveyard | 1 | 215 | / | 0 |
| Tomb of Relics | 1 | 130 | / | 30 |
| Necropolis | 1 | 225 | / | 0 |
| Temple of the Damned | 3 | 465 | / | 420 |
| Slaughterhouse | 2 | 280 | / | 270 |
| Halls of the Dead | 1 | 320 | / | 210 |
| Black Citadel | 1 | 325 | / | 230 |
| total: | 20 | 3225g | / | 1320w |
| 0:08 | Acolyte |
| 0:08 | Acolyte |
| 0:18 | Crypt |
| 0:24 | Ziggurat |
| 0:36 | Altar of Darkness |
| 1:22 | Ghoul |
| 1:22 | Ghoul |
| 1:33 | Altar of Darkness |
| 1:40 | Ziggurat |
| 2:03 | Ziggurat |
| 2:12 | Nerubian Tower |
| 2:17 | Ghoul |
| 2:46 | Graveyard |
| 2:54 | Ghoul |
| 3:13 | Ghoul |
| 3:38 | Halls of the Dead |
| 4:00 | Tomb of Relics |
| 4:19 | Sleep |
| 4:32 | Ghoul |
| 4:32 | Ghoul |
| 4:39 | Ziggurat |
| 4:41 | Ziggurat |
| 5:09 | Rod of Necromancy |
| 5:31 | Crypt Fiend |
| 5:31 | Crypt Fiend |
| 6:11 | Vampiric Aura |
| 6:48 | Goblin Shredder |
| 7:40 | Death Coil |
| 7:46 | Acolyte |
| 8:26 | Necropolis |
| 8:33 | Unholy Strength |
| 8:41 | Black Citadel |
| 9:10 | Rod of Necromancy |
| 10:17 | Unholy Aura |
| 10:27 | Acolyte |
| 10:27 | Acolyte |
| 10:27 | Acolyte |
| 10:27 | Acolyte |
| 10:30 | Ziggurat |
| 10:31 | Ziggurat |
| 10:32 | Ziggurat |
| 10:36 | Ziggurat |
| 11:07 | Unholy Armor |
| 11:14 | Temple of the Damned |
| 11:16 | Temple of the Damned |
| 11:26 | Spirit Tower |
| 11:45 | Scroll of Town Portal |
| 12:07 | Spirit Tower |
| 12:20 | Skeletal Mastery |
| 12:22 | Necromancer Adept Training |
| 12:49 | Improved Unholy Strength |
| 12:50 | Improved Unholy Armor |
| 12:55 | Temple of the Damned |
| 13:00 | Slaughterhouse |
| 13:03 | Slaughterhouse |
| 13:28 | Necromancer Master Training |
| 13:29 | Necromancer |
| 13:30 | Necromancer |
| 14:02 | Vampiric Aura |
| 14:43 | Necromancer |
| 14:51 | Exhume Corpses |
| 14:53 | Meat Wagon |
| 16:41 | Death Coil |
| Right click | 230 |
| Select | 133 |
| Build/train/purchase | 51 |
| Use ability | 12 |
| Chat | 8 |
| Misc. action | 6 |
| Item give/drop | 1 |


| Scroll of Regeneration | 3 | 300 |
| Lesser Clarity Potion | 2 | 140 |
| Boots of Speed | 1 | 250 |
| Potion of Lesser Invulnerability | 1 | 150 |
| total: | 7 | 840g |
| Peasant | 17 | 1275 | / | 0 |
| Footman | 5 | 675 | / | 0 |
| Gryphon Rider | 10 | 2800 | / | 700 |
| Goblin Shredder | 1 | 375 | / | 100 |
| total: | 33 | 5125g | / | 800w |
| Scout Tower | 11 | 330 | / | 220 |
| Guard Tower | 8 | 560 | / | 400 |
| Altar of Kings | 1 | 180 | / | 50 |
| Farm | 10 | 800 | / | 200 |
| Barracks | 1 | 160 | / | 60 |
| Arcane Vault | 2 | 260 | / | 60 |
| Town Hall | 2 | 770 | / | 410 |
| Lumber Mill | 1 | 120 | / | 0 |
| Blacksmith | 1 | 140 | / | 60 |
| Gryphon Aviary | 2 | 280 | / | 300 |
| Keep | 1 | 320 | / | 210 |
| Castle | 1 | 360 | / | 210 |
| total: | 31 | 3040g | / | 1360w |
| 0:05 | Altar of Kings |
| 0:08 | Farm |
| 0:08 | Peasant |
| 0:22 | Peasant |
| 0:25 | Barracks |
| 0:39 | Farm |
| 0:43 | Peasant |
| 0:58 | Peasant |
| 1:14 | Peasant |
| 1:27 | Footman |
| 1:32 | Peasant |
| 1:38 | Farm |
| 1:47 | Footman |
| 1:58 | Peasant |
| 2:07 | Storm Bolt |
| 2:15 | Footman |
| 2:18 | Peasant |
| 2:36 | Footman |
| 3:38 | Peasant |
| 3:39 | Peasant |
| 3:40 | Peasant |
| 3:41 | Arcane Vault |
| 3:57 | Town Hall |
| 4:04 | Bash |
| 4:39 | Scroll of Regeneration |
| 4:39 | Lesser Clarity Potion |
| 4:45 | Lumber Mill |
| 4:48 | Keep |
| 5:07 | Peasant |
| 5:23 | Peasant |
| 5:41 | Scout Tower |
| 5:49 | Improved Masonry |
| 6:14 | Goblin Shredder |
| 6:19 | Storm Bolt |
| 6:22 | Farm |
| 6:24 | Blacksmith |
| 6:29 | Scout Tower |
| 6:30 | Guard Tower |
| 6:33 | Footman |
| 6:39 | Scroll of Regeneration |
| 6:51 | Lesser Clarity Potion |
| 6:58 | Farm |
| 7:08 | Guard Tower |
| 7:09 | Scout Tower |
| 7:11 | Scout Tower |
| 7:48 | Castle |
| 8:07 | Gryphon Aviary |
| 8:09 | Gryphon Aviary |
| 8:27 | Iron Forged Swords |
| 8:31 | Guard Tower |
| 8:32 | Scout Tower |
| 8:34 | Scout Tower |
| 8:36 | Scroll of Regeneration |
| 8:53 | Banish |
| 9:02 | Scout Tower |
| 9:03 | Scout Tower |
| 9:14 | Scout Tower |
| 9:14 | Scout Tower |
| 9:15 | Advanced Masonry |
| 9:27 | Guard Tower |
| 9:30 | Guard Tower |
| 9:48 | Guard Tower |
| 10:27 | Gryphon Rider |
| 10:29 | Guard Tower |
| 10:54 | Arcane Vault |
| 10:59 | Farm |
| 11:00 | Farm |
| 11:01 | Farm |
| 11:04 | Imbued Masonry |
| 11:21 | Storm Hammers |
| 11:24 | Iron Plating |
| 11:41 | Scout Tower |
| 11:44 | Gryphon Rider |
| 12:16 | Gryphon Rider |
| 12:18 | Farm |
| 12:19 | Farm |
| 12:21 | Guard Tower |
| 12:33 | Boots of Speed |
| 12:34 | Potion of Lesser Invulnerability |
| 12:39 | Bash |
| 12:42 | Siphon Mana |
| 13:07 | Town Hall |
| 13:56 | Gryphon Rider |
| 13:58 | Steel Forged Swords |
| 14:25 | Steel Plating |
| 14:59 | Gryphon Rider |
| 15:25 | Banish |
| 15:57 | Gryphon Rider |
| 16:09 | Improved Lumber Harvesting |
| 16:13 | Peasant |
| 16:13 | Peasant |
| 16:13 | Peasant |
| 16:13 | Peasant |
| 16:24 | Gryphon Rider |
| 16:44 | Storm Bolt |
| 16:55 | Gryphon Rider |
| 17:15 | Siphon Mana |
| 17:21 | Gryphon Rider |
| 18:25 | Gryphon Rider |
| Right click | 1468 |
| Select | 671 |
| Select group | 575 |
| Chat | 136 |
| Misc. action | 99 |
| Build/train/purchase | 79 |
| Use ability | 30 |
| Assign group | 19 |
| Item give/drop | 4 |
| Minimap ping | 4 |
| Esc | 1 |


| Lesser Clarity Potion | 1 | 70 |
| Potion of Healing | 1 | 150 |
| Scroll of Town Portal | 2 | 700 |
| Circlet of Nobility | 1 | 175 |
| total: | 5 | 1095g |
| Wisp | 20 | 1200 | / | 0 |
| Archer | 12 | 1560 | / | 120 |
| Huntress | 5 | 975 | / | 100 |
| Druid of the Talon | 8 | 1160 | / | 160 |
| Hippogryph | 2 | 320 | / | 40 |
| total: | 47 | 5215g | / | 420w |
| Altar of Elders | 1 | 180 | / | 50 |
| Moon Well | 6 | 1080 | / | 240 |
| Ancient of War | 1 | 150 | / | 60 |
| Ancient of Wonders | 1 | 90 | / | 30 |
| Tree of Life | 1 | 340 | / | 185 |
| Hunter's Hall | 1 | 210 | / | 100 |
| Ancient of Wind | 2 | 300 | / | 280 |
| Tree of Ages | 2 | 640 | / | 360 |
| Tree of Eternity | 1 | 330 | / | 200 |
| total: | 13 | 2350g | / | 945w |
| 0:09 | Wisp |
| 0:10 | Wisp |
| 0:14 | Altar of Elders |
| 0:27 | Moon Well |
| 0:32 | Wisp |
| 0:43 | Ancient of War |
| 0:46 | Wisp |
| 1:04 | Wisp |
| 1:28 | Wisp |
| 1:44 | Moon Well |
| 1:46 | Archer |
| 1:47 | Archer |
| 1:52 | Wisp |
| 2:05 | Wisp |
| 2:47 | Tree of Ages |
| 3:16 | Ancient of Wonders |
| 3:28 | Archer |
| 3:28 | Archer |
| 3:33 | Fan of Knives |
| 4:07 | Blink |
| 4:12 | Moon Well |
| 4:25 | Lesser Clarity Potion |
| 4:54 | Archer |
| 4:54 | Archer |
| 5:44 | Wisp |
| 5:44 | Wisp |
| 5:51 | Ancient of Wind |
| 6:25 | Archer |
| 6:25 | Archer |
| 6:42 | Wisp |
| 6:51 | Improved Bows |
| 6:59 | Scroll of Town Portal |
| 7:00 | Potion of Healing |
| 7:15 | Wisp |
| 7:18 | Druid of the Talon Adept Training |
| 8:13 | Tree of Life |
| 8:23 | Tree of Eternity |
| 9:06 | Trueshot Aura |
| 9:23 | Hunter's Hall |
| 9:32 | Scroll of Town Portal |
| 9:56 | Shadow Strike |
| 11:04 | Strength of the Moon |
| 11:07 | Huntress |
| 11:07 | Huntress |
| 11:07 | Huntress |
| 11:11 | Moon Glaive |
| 11:12 | Druid of the Talon Master Training |
| 11:16 | Wisp |
| 11:17 | Wisp |
| 11:17 | Wisp |
| 11:24 | Moon Well |
| 11:26 | Wisp |
| 11:26 | Wisp |
| 12:00 | Ancient of Wind |
| 12:08 | Moon Well |
| 12:15 | Improved Strength of the Moon |
| 12:21 | Searing Arrows |
| 12:36 | Wisp |
| 12:37 | Wisp |
| 12:42 | Druid of the Talon |
| 12:42 | Druid of the Talon |
| 12:43 | Druid of the Talon |
| 12:59 | Circlet of Nobility |
| 13:10 | Druid of the Talon |
| 13:11 | Druid of the Talon |
| 13:21 | Ultravision |
| 15:23 | Blink |
| 15:27 | Trueshot Aura |
| 15:50 | Druid of the Talon |
| 15:51 | Druid of the Talon |
| 15:51 | Druid of the Talon |
| 15:54 | Advanced Strength of the Moon |
| 15:55 | Wisp |
| 16:15 | Moon Well |
| 16:24 | Huntress |
| 16:24 | Huntress |
| 17:14 | Tree of Ages |
| 18:16 | Moon Armor |
| 18:18 | Hippogryph |
| 18:18 | Hippogryph |
| 18:20 | Archer |
| 18:20 | Archer |
| 18:20 | Archer |
| 18:20 | Archer |
| Right click | 577 |
| Select | 385 |
| Build/train/purchase | 86 |
| Misc. action | 26 |
| Use ability | 20 |
| Chat | 20 |
| Item give/drop | 6 |
| Remove unit | 3 |
135 units @ 20.5k
/ 2.5k
64 buildings @ 9.6k
/ 3.4k


| Moonstone | 1 | 50 |
| Lesser Clarity Potion | 1 | 70 |
| Staff of Preservation | 1 | 150 |
| Scroll of Town Portal | 1 | 350 |
| total: | 4 | 620g |
| Wisp | 10 | 600 | / | 0 |
| Archer | 3 | 390 | / | 30 |
| Huntress | 2 | 390 | / | 40 |
| Dryad | 3 | 435 | / | 180 |
| Goblin Shredder | 1 | 375 | / | 100 |
| total: | 19 | 2190g | / | 350w |
| Ancient Protector | 1 | 135 | / | 80 |
| Altar of Elders | 1 | 180 | / | 50 |
| Moon Well | 4 | 720 | / | 160 |
| Ancient of War | 1 | 150 | / | 60 |
| Hunter's Hall | 1 | 210 | / | 100 |
| Ancient of Wonders | 1 | 90 | / | 30 |
| Ancient of Lore | 2 | 310 | / | 290 |
| Tree of Ages | 1 | 320 | / | 180 |
| Tree of Eternity | 1 | 330 | / | 200 |
| total: | 11 | 1795g | / | 770w |
| 0:04 | Wisp |
| 0:04 | Wisp |
| 0:10 | Altar of Elders |
| 0:13 | Moon Well |
| 0:27 | Wisp |
| 0:43 | Wisp |
| 0:43 | Wisp |
| 0:48 | Ancient of War |
| 0:56 | Wisp |
| 1:15 | Wisp |
| 1:15 | Wisp |
| 1:48 | Wisp |
| 1:51 | Moon Well |
| 2:02 | Archer |
| 2:23 | Summon Bear |
| 3:00 | Wisp |
| 3:37 | Hunter's Hall |
| 3:41 | Ancient of Wonders |
| 3:46 | Tree of Ages |
| 3:49 | Archer |
| 3:49 | Archer |
| 5:05 | Summon Hawk |
| 5:20 | Goblin Shredder |
| 5:27 | Ancient Protector |
| 5:34 | Moon Well |
| 6:09 | Huntress |
| 6:09 | Huntress |
| 6:15 | Ancient of Lore |
| 6:15 | Ancient of Lore |
| 6:32 | Black Arrow |
| 8:22 | Dryad |
| 8:22 | Dryad |
| 8:50 | Dryad |
| 10:07 | Moonstone |
| 10:07 | Lesser Clarity Potion |
| 10:11 | Scroll of Town Portal |
| 10:12 | Staff of Preservation |
| 10:36 | Tree of Eternity |
| 10:47 | Moon Well |
| 11:39 | Silence |
| 11:41 | Summon Hawk |
| Right click | 373 |
| Select | 145 |
| Select group | 80 |
| Build/train/purchase | 43 |
| Assign group | 24 |
| Use ability | 14 |
| Item give/drop | 2 |
| Esc | 1 |

| Scroll of Regeneration | 2 | 200 |
| total: | 2 | 200g |
| Peasant | 5 | 375 | / | 0 |
| Footman | 10 | 1350 | / | 0 |
| Rifleman | 21 | 4305 | / | 630 |
| Knight | 2 | 490 | / | 120 |
| Forest Troll High Priest | 1 | 305 | / | 40 |
| Dryad | 7 | 1015 | / | 420 |
| Archer | 8 | 1040 | / | 80 |
| total: | 54 | 8880g | / | 1290w |
| Altar of Kings | 1 | 180 | / | 50 |
| Farm | 10 | 800 | / | 200 |
| Barracks | 3 | 480 | / | 180 |
| Lumber Mill | 1 | 120 | / | 0 |
| Blacksmith | 1 | 140 | / | 60 |
| Arcane Vault | 1 | 130 | / | 30 |
| Keep | 1 | 320 | / | 210 |
| Castle | 1 | 360 | / | 210 |
| Ancient of War | 1 | 150 | / | 60 |
| total: | 18 | 2000g | / | 580w |
| 0:04 | Peasant |
| 0:08 | Altar of Kings |
| 0:12 | Farm |
| 0:16 | Barracks |
| 0:20 | Peasant |
| 0:40 | Peasant |
| 0:54 | Lumber Mill |
| 0:58 | Peasant |
| 1:31 | Peasant |
| 1:51 | Farm |
| 1:54 | Footman |
| 2:21 | Footman |
| 2:25 | Farm |
| 2:29 | Farm |
| 2:32 | Summon Water Elemental |
| 2:41 | Footman |
| 2:45 | Barracks |
| 2:53 | Barracks |
| 2:58 | Footman |
| 3:21 | Blacksmith |
| 3:25 | Footman |
| 3:25 | Footman |
| 3:40 | Arcane Vault |
| 3:48 | Farm |
| 3:53 | Footman |
| 4:40 | Blizzard |
| 4:50 | Iron Forged Swords |
| 4:55 | Black Gunpowder |
| 5:00 | Rifleman |
| 5:03 | Rifleman |
| 5:07 | Rifleman |
| 5:45 | Keep |
| 5:58 | Rifleman |
| 6:09 | Farm |
| 6:13 | Farm |
| 6:21 | Scroll of Regeneration |
| 7:24 | Forest Troll High Priest |
| 7:44 | Rifleman |
| 7:44 | Rifleman |
| 7:50 | Farm |
| 7:55 | Farm |
| 8:06 | Improved Lumber Harvesting |
| 8:16 | Iron Plating |
| 8:40 | Footman |
| 10:11 | Summon Water Elemental |
| 10:27 | Rifleman |
| 10:27 | Rifleman |
| 10:31 | Long Rifles |
| 10:32 | Rifleman |
| 10:36 | Footman |
| 10:58 | Rifleman |
| 11:20 | Rifleman |
| 11:28 | Castle |
| 11:45 | Rifleman |
| 12:06 | Rifleman |
| 12:23 | Scroll of Regeneration |
| 12:31 | Footman |
| 12:50 | Rifleman |
| 13:21 | Rifleman |
| 13:28 | Refined Gunpowder |
| 13:38 | Farm |
| 13:55 | Dryad |
| 13:55 | Dryad |
| 13:56 | Dryad |
| 13:56 | Dryad |
| 13:56 | Dryad |
| 13:56 | Dryad |
| 13:56 | Dryad |
| 14:04 | Archer |
| 14:04 | Archer |
| 14:05 | Archer |
| 14:05 | Archer |
| 14:05 | Archer |
| 14:05 | Archer |
| 14:05 | Archer |
| 14:06 | Archer |
| 14:15 | Rifleman |
| 14:22 | Studded Leather Armor |
| 15:15 | Rifleman |
| 15:15 | Rifleman |
| 15:20 | Knight |
| 15:26 | Rifleman |
| 15:37 | Ancient of War |
| 15:55 | Knight |
| 16:35 | Brilliance Aura |
| 16:51 | Rifleman |
| 17:05 | Summon Water Elemental |
| 17:14 | Mass Teleport |
| 17:35 | Rifleman |
| Right click | 310 |
| Select | 230 |
| Build/train/purchase | 83 |
| Misc. action | 21 |
| Remove unit | 13 |
| Select group | 13 |
| Assign group | 12 |
| Use ability | 10 |
| Minimap ping | 2 |

| Acolyte | 6 | 450 | / | 0 |
| Ghoul | 6 | 720 | / | 0 |
| Crypt Fiend | 13 | 2795 | / | 520 |
| Necromancer | 11 | 1595 | / | 220 |
| total: | 36 | 5560g | / | 740w |
| Spirit Tower | 8 | 1160 | / | 320 |
| Graveyard | 1 | 215 | / | 0 |
| Altar of Darkness | 1 | 180 | / | 50 |
| Ziggurat | 14 | 2100 | / | 700 |
| Crypt | 2 | 400 | / | 100 |
| Temple of the Damned | 2 | 310 | / | 280 |
| Halls of the Dead | 1 | 320 | / | 210 |
| Black Citadel | 1 | 325 | / | 230 |
| total: | 20 | 3205g | / | 1130w |
| 0:17 | Acolyte |
| 0:18 | Acolyte |
| 0:18 | Acolyte |
| 1:16 | Graveyard |
| 1:24 | Altar of Darkness |
| 1:28 | Ziggurat |
| 1:34 | Ziggurat |
| 1:41 | Crypt |
| 1:46 | Crypt |
| 2:32 | Ziggurat |
| 2:45 | Ghoul |
| 2:50 | Ghoul |
| 2:57 | Ghoul |
| 2:59 | Ghoul |
| 3:02 | Ghoul |
| 3:11 | Ghoul |
| 3:33 | Frost Armor |
| 3:40 | Crypt Fiend |
| 3:54 | Crypt Fiend |
| 4:11 | Creature Attack |
| 4:51 | Crypt Fiend |
| 4:53 | Crypt Fiend |
| 5:09 | Creature Carapace |
| 5:28 | Crypt Fiend |
| 6:02 | Ziggurat |
| 6:14 | Halls of the Dead |
| 7:07 | Dark Ritual |
| 7:38 | Unholy Strength |
| 7:39 | Unholy Armor |
| 7:53 | Crypt Fiend |
| 7:54 | Crypt Fiend |
| 8:20 | Crypt Fiend |
| 8:23 | Crypt Fiend |
| 8:52 | Acolyte |
| 8:53 | Acolyte |
| 8:53 | Acolyte |
| 9:04 | Temple of the Damned |
| 9:32 | Ziggurat |
| 9:40 | Ziggurat |
| 10:06 | Black Citadel |
| 10:13 | Necromancer Adept Training |
| 10:18 | Skeletal Mastery |
| 10:42 | Improved Unholy Strength |
| 10:42 | Improved Creature Attack |
| 10:51 | Web |
| 11:16 | Improved Unholy Armor |
| 11:17 | Improved Creature Carapace |
| 11:41 | Spirit Tower |
| 11:42 | Spirit Tower |
| 11:44 | Spirit Tower |
| 11:46 | Spirit Tower |
| 11:50 | Spirit Tower |
| 12:01 | Ziggurat |
| 12:07 | Ziggurat |
| 12:15 | Ziggurat |
| 12:28 | Necromancer Master Training |
| 12:37 | Temple of the Damned |
| 12:47 | Ziggurat |
| 12:57 | Ziggurat |
| 13:01 | Ziggurat |
| 13:15 | Necromancer |
| 13:17 | Necromancer |
| 14:02 | Necromancer |
| 14:02 | Necromancer |
| 14:06 | Necromancer |
| 14:07 | Necromancer |
| 14:37 | Spirit Tower |
| 14:39 | Spirit Tower |
| 14:41 | Spirit Tower |
| 15:04 | Necromancer |
| 15:05 | Necromancer |
| 15:50 | Advanced Unholy Strength |
| 15:50 | Advanced Creature Attack |
| 15:53 | Necromancer |
| 16:06 | Ziggurat |
| 16:20 | Ziggurat |
| 17:24 | Crypt Fiend |
| 17:26 | Crypt Fiend |
| 17:37 | Necromancer |
| 17:39 | Necromancer |
| 18:30 | Crypt Fiend |
| 18:31 | Crypt Fiend |
| 18:46 | Frost Armor |
| Select | 154 |
| Build/train/purchase | 75 |
| Right click | 68 |
| Use ability | 3 |

| Lesser Clarity Potion | 2 | 140 |
| Healing Salve | 1 | 100 |
| Boots of Speed | 1 | 250 |
| Scroll of Regeneration | 1 | 100 |
| total: | 5 | 590g |
| Peon | 12 | 900 | / | 0 |
| Grunt | 12 | 2400 | / | 0 |
| Wind Rider | 2 | 530 | / | 80 |
| total: | 26 | 3830g | / | 80w |
| Altar of Storms | 1 | 180 | / | 50 |
| Orc Burrow | 6 | 960 | / | 240 |
| Barracks | 2 | 360 | / | 100 |
| War Mill | 1 | 205 | / | 0 |
| Voodoo Lounge | 2 | 260 | / | 60 |
| Great Hall | 1 | 385 | / | 185 |
| Beastiary | 2 | 290 | / | 280 |
| Stronghold | 2 | 630 | / | 380 |
| Fortress | 1 | 325 | / | 190 |
| total: | 15 | 2640g | / | 915w |
| 0:04 | Peon |
| 0:04 | Peon |
| 0:07 | Altar of Storms |
| 0:13 | Orc Burrow |
| 0:36 | Barracks |
| 0:52 | Peon |
| 0:52 | Peon |
| 0:58 | Peon |
| 1:20 | Peon |
| 1:30 | Barracks |
| 1:51 | Orc Burrow |
| 1:58 | Peon |
| 1:59 | Peon |
| 2:05 | Peon |
| 2:06 | Peon |
| 2:06 | Peon |
| 2:14 | Serpent Ward |
| 2:30 | Grunt |
| 2:44 | Grunt |
| 2:54 | Peon |
| 3:08 | Grunt |
| 3:31 | War Mill |
| 3:48 | Orc Burrow |
| 3:52 | Healing Wave |
| 4:10 | Voodoo Lounge |
| 4:16 | Voodoo Lounge |
| 4:23 | Grunt |
| 4:27 | Pillage |
| 4:47 | Grunt |
| 5:11 | Grunt |
| 5:21 | Orc Burrow |
| 5:44 | Boots of Speed |
| 5:54 | Steel Armor |
| 6:07 | Lesser Clarity Potion |
| 6:21 | Grunt |
| 6:42 | Scroll of Regeneration |
| 6:55 | Grunt |
| 6:58 | Spiked Barricades |
| 7:11 | Serpent Ward |
| 7:14 | Grunt |
| 7:32 | Grunt |
| 8:04 | Stronghold |
| 8:24 | Orc Burrow |
| 8:29 | Steel Melee Weapons |
| 10:22 | Healing Wave |
| 10:49 | Grunt |
| 10:49 | Grunt |
| 11:02 | Beastiary |
| 11:05 | Beastiary |
| 11:17 | Lesser Clarity Potion |
| 11:33 | Berserker Strength |
| 12:09 | Orc Burrow |
| 12:30 | Fortress |
| 12:34 | Wind Rider |
| 13:01 | Great Hall |
| 13:16 | Healing Salve |
| 13:24 | Wind Rider |
| 13:39 | Steel Ranged Weapons |
| 14:45 | Serpent Ward |
| Right click | 832 |
| Select | 223 |
| Select group | 183 |
| Build/train/purchase | 58 |
| Use ability | 45 |
| Assign group | 40 |
| Misc. action | 34 |
| Minimap ping | 6 |
| Item give/drop | 1 |
⇛